Map: 2000 Atmospheres LE

Players

HeroMarine - Winner!

  • Race: Terran Terran

Elazer

  • Race: Zerg Zerg

Event: DreamHack SC2 Masters 2021 Fall

VOD

Have the link to the VOD?

Description

Time

  • Played on: Aug. 8, 2021, 1:03 p.m.
  • Length: 16:19

All games in this series

Show
View Real Time Build Order
Export as new Build Order

HeroMarine Terran - Winner!

Build Orders: Reaper Expand, Hellion Banshee 

Get SALT Encoding   

  12  0:00  SCV  
  13  0:12  SCV  
  14  0:17  Supply Depot  
  14  0:24  SCV  
  15  0:39  SCV, Barracks  
  15  0:42  Refinery  
  16  0:51  SCV  
  17  1:03  SCV  
  18  1:15  SCV  
  19  1:26  Reaper  
  19  1:27  Orbital Command  
  20  1:39  Command Center  
  20  1:47  Supply Depot  
  20  1:52  SCV  
  21  1:58  Marine  
  22  2:04  SCV  
  22  2:07  Factory  
  23  2:16  SCV  
  23  2:19  Barracks Reactor  
  24  2:29  SCV  
  25  2:36  Command Center  
  25  2:41  SCV  
  26  2:53  SCV  
  26  2:54  Orbital Command  
  27  2:58  Starport  
  27  3:02  Refinery  
  27  3:05  SCV  
  28  3:08  Hellion  
  32  3:13  Hellion  
  32  3:18  SCV  
  34  3:20  SCV  
  34  3:23  Barracks Tech Lab  
  34  3:30  SCV  
  34  3:31  Hellion  
  34  3:32  SCV  
  40  3:34  Hellion  
  40  3:42  SCV  
  40  3:44  SCV  
  40  3:47  Banshee  
  40  3:48  Orbital Command  
  45  3:52  Cloaking Field  
  45  3:57  SCV x2  
  45  3:58  Hellion  
  45  4:01  Hellion  
  51  4:02  Barracks Tech Lab  
  51  4:09  SCV x2, Supply Depot  
  53  4:18  SCV  
  53  4:19  Hellion  
  53  4:21  SCV x2  
  53  4:22  Hellion  
  60  4:26  Marine  
  60  4:31  Banshee  
  64  4:34  Supply Depot  
  64  4:38  Supply Depot  
  66  4:39  Orbital Command  
  66  4:41  Armory, Hellion  
  66  4:43  SCV, Hellion  
  69  4:52  Stimpack  
  69  4:55  Marine, SCV x2  
  69  4:56  Supply Depot  
  72  5:02  Hellion  
  72  5:05  Hellion  
  76  5:07  Refinery  
  76  5:08  SCV x2  
  76  5:10  Refinery  
  76  5:11  SCV  
  79  5:20  SCV x2, Starport Reactor  
  81  5:21  Barracks  
  81  5:22  Barracks  
  81  5:23  SCV  
  81  5:24  Marine, Hellion  
  81  5:26  Hellion  
  87  5:32  SCV x2  
  87  5:35  Engineering Bay  
  89  5:36  SCV, Engineering Bay  
  90  5:44  SCV x2  
  90  5:48  SCV  
  84  5:50  Marine  
  84  5:56  SCV x2  
  73  6:00  SCV  
  73  6:01  Barracks  
  73  6:03  Barracks  
  74  6:05  Terran Infantry Weapons Level 1  
  74  6:07  Terran Infantry Armor Level 1, Starport Reactor  
  74  6:08  Marine, SCV x2  
  77  6:12  SCV  
  77  6:16  Siege Tank  
  81  6:20  Marine, SCV x2  
  81  6:21  Marine  
  81  6:24  SCV  
  81  6:25  Marine x2, Supply Depot  
  88  6:26  Marine  
  88  6:30  Supply Depot  
  88  6:32  SCV x2  
  88  6:34  Combat Shield  
  88  6:36  SCV  
  88  6:38  Marine x2  
  88  6:39  Factory  
  91  6:43  Marine x2  
  91  6:46  Marine, Command Center  
  94  6:49  Supply Depot  
  94  6:51  Barracks Reactor x2  
  94  6:53  SCV  
  97  6:54  Supply Depot  
  97  6:55  Siege Tank  
  97  6:56  Medivac  
  97  6:57  Medivac  
  97  6:59  Marine x2  
  97  7:00  Refinery, Marine  
  105  7:02  Marine  
  105  7:04  Marine  
  105  7:06  SCV x2  
  109  7:10  Supply Depot, SCV  
  107  7:16  Marine  
  107  7:17  Marine  
  107  7:18  Marine  
  107  7:20  Supply Depot  
  107  7:22  Factory Reactor  
  110  7:24  Supply Depot  
  110  7:25  Drilling Claws  
  110  7:26  Medivac  
  110  7:27  Marine x2, Widow Mine, Medivac  
  118  7:30  Marine  
  118  7:33  Barracks  
  118  7:34  Marine x2  
  118  7:35  Barracks  
  118  7:36  Marine x2  
  123  7:38  Marine x2, Barracks  
  123  7:39  Supply Depot  
  125  7:45  Marine x2  
  125  7:48  SCV x2  
  125  7:49  SCV  
  125  7:50  Marine  
  128  7:52  Marine x2, Widow Mine  
  128  7:56  Medivac  
  128  7:57  Medivac  
  132  8:00  SCV x2  
  132  8:02  SCV  
  135  8:08  Sensor Tower  
  135  8:09  Widow Mine x2  
  135  8:10  Supply Depot  
  135  8:12  SCV x2  
  141  8:15  SCV  
  141  8:16  Marauder  
  141  8:19  Marine x5  
  148  8:20  Marine, Barracks Tech Lab  
  148  8:24  SCV x2  
  143  8:27  Marine x2  
  143  8:30  SCV  
  139  8:36  SCV  
  139  8:37  SCV  
  139  8:38  Marauder  
  139  8:39  Marine x3  
  139  8:40  Marauder  
  146  8:42  Barracks Tech Lab  
  146  8:43  SCV  
  138  8:48  Barracks Tech Lab  
  138  8:51  Planetary Fortress  
  138  8:52  Marine x3  
  138  8:53  Marine  
  131  8:55  Marine  
  131  8:57  Marine x3  
  131  8:58  SCV x2  
  131  8:59  SCV  
  131  9:00  Marauder  
  131  9:01  Marauder  
  132  9:03  Marine  
  132  9:05  Terran Infantry Armor Level 2, Terran Infantry Weapons Level 2  
  133  9:10  SCV x2  
  133  9:12  SCV  
  133  9:13  Widow Mine  
  133  9:16  Widow Mine  
  133  9:17  Widow Mine  
  142  9:18  Marine, Marauder  
  142  9:21  Terran Vehicle And Ship Armor Level 1, Marauder  
  142  9:22  Sensor Tower  
  142  9:23  Marine x2  
  149  9:25  Marine x2  
  149  9:26  Marauder  
  149  9:27  Concussive Shells  
  149  9:28  Marauder  
  155  9:31  Supply Depot  
  155  9:33  Supply Depot  
  155  9:37  Marine, Supply Depot  
  155  9:38  Supply Depot  
  156  9:39  Marine  
  156  9:40  Medivac x2, Marauder  
  163  9:51  Marine  
  164  9:52  Marine x2  
  164  9:53  Widow Mine x2, Marauder  
  164  9:54  Marine  
  164  9:55  Supply Depot, Widow Mine, Marauder  
  164  9:56  Supply Depot  
  164  9:58  Marauder  
  164  9:59  Marine  
  178  10:02  Marauder  
  178  10:04  Marine x2  
  178  10:06  Marine  
  183  10:09  Marine  
  172  10:14  Widow Mine x2, Marauder  
  172  10:16  Widow Mine  
  172  10:17  Marauder  
  172  10:19  Marine x2  
  172  10:20  Marine, Marauder  
  172  10:21  Marine  
  175  10:22  Marine x2  
  175  10:23  Marine  
  175  10:24  Marauder, Liberator  
  181  10:28  Liberator  
  181  10:30  Marine  
  185  10:35  Marine  
  185  10:36  Widow Mine x2  
  185  10:37  Marine x2  
  185  10:38  Widow Mine  
  185  10:39  Marine x2, Marauder  
  198  10:43  Command Center  
  198  10:48  Marauder  
  198  10:49  Marine  
  198  10:53  Marine  
  200  11:02  Marine x2  
  182  11:04  Marine, Marauder  
  182  11:08  Marine  
  182  11:09  Marine, Liberator  
  184  11:11  Marine, Marauder  
  184  11:15  Marine, Marauder  
  184  11:16  Marine x2  
  180  11:21  Widow Mine x2, Medivac  
  173  11:26  Marine x2, Marauder  
  173  11:29  Marine x2  
  173  11:30  Marine x2  
  173  11:31  SCV x2  
  173  11:32  SCV x2  
  171  11:33  Marine, Widow Mine, Marauder  
  171  11:34  Marine x2  
  171  11:36  Marine  
  159  11:42  Widow Mine x2  
  159  11:43  Marine, SCV  
  159  11:44  Marine, SCV  
  166  11:47  Marine x4  
  166  11:48  Marine  
  166  11:51  Medivac  
  166  11:52  Medivac  
  166  11:53  Marauder  
  174  11:54  Widow Mine  
  174  11:56  SCV x2  
  174  11:58  Marauder  
  174  12:01  Marine x2  
  174  12:03  Marine, Widow Mine  
  174  12:04  Marine x2  
  174  12:05  Marine  
  174  12:07  Marine, Marauder  
  174  12:08  Marine  
  180  12:13  Marine  
  180  12:14  Marine, Widow Mine  
  180  12:15  Supply Depot  
  162  12:19  Marine  
  162  12:21  Marine x2, Medivac  
  162  12:22  Marine x2  
  154  12:23  Marine  
  154  12:24  Marine  
  154  12:28  Marine  
  154  12:29  Marauder  
  154  12:31  Marine  
  154  12:32  Marauder  
  154  12:36  Marine  
  147  12:39  Marine x2  
  147  12:40  Marine x2, Liberator  
  147  12:41  Marine  
  147  12:42  Marine  
  156  12:46  Marine  
  156  12:49  Marine  
  156  12:50  Marauder, Liberator  
  163  12:53  Marine  
  163  12:54  Marine  
  163  12:56  Widow Mine  
  163  12:57  Marine x3  
  169  13:04  Marine x2  
  168  13:11  Marauder x2  
  168  13:12  Marine  
  163  13:13  Marauder  
  162  13:37  Supply Depot  
  162  13:39  Supply Depot  
  162  13:50  Marine x3  
  162  13:51  Supply Depot  
  165  13:57  Marine x2  
  165  13:58  Marine, Marauder, Liberator  
  165  13:59  Marine, Widow Mine, Marauder x2  
  172  14:04  Marine  
  172  14:08  Marine  
  172  14:09  Medivac  
  176  14:12  Marine  
  176  14:13  Marine  
  178  14:19  Marauder  
  178  14:20  Marauder  
  178  14:21  Marauder  
  178  14:22  Marine  
  178  14:23  Marine  
  186  14:25  Marine  
  187  14:33  Marine x2  
  189  14:52  Marine  
  189  14:54  Marine x3, Marauder  
  189  14:55  Marauder x2  
  163  15:04  Marine x2, Orbital Command  
  160  15:09  Marine  
  141  15:15  Marauder  
  141  15:16  Marauder x2  
  137  15:22  Marine x2  
  139  15:34  Marine x2  
  141  15:36  Marauder  
  141  15:38  Marine  
  141  15:39  Marine  
  138  15:47  Marauder  
  128  15:51  Marine  
  128  15:55  Widow Mine x2  
Show
View Real Time Build Order
Export as new Build Order

Elazer Zerg 

Build Orders: Hatch First 

Get SALT Encoding   

  12  0:00  Drone  
  13  0:11  Overlord  
  13  0:16  Drone  
  14  0:30  Drone x2  
  16  0:47  Hatchery  
  15  0:51  Drone  
  15  0:54  Drone  
  17  0:57  Drone  
  18  1:08  Extractor  
  17  1:13  Spawning Pool  
  17  1:16  Drone  
  17  1:19  Drone  
  18  1:28  Drone  
  19  1:38  Drone  
  20  1:48  Drone  
  21  1:59  Queen x2  
  21  2:00  Zergling x4  
  27  2:09  Metabolic Boost  
  27  2:10  Zergling x2  
  27  2:11  Overlord  
  28  2:31  Hatchery  
  28  2:32  Drone x2  
  28  2:35  Drone  
  30  2:38  Drone  
  31  2:44  Queen  
  31  2:50  Overlord  
  33  2:54  Drone  
  33  2:55  Drone  
  33  2:57  Drone  
  36  3:05  Overlord  
  36  3:08  Drone x3  
  36  3:10  Drone  
  40  3:16  Queen  
  42  3:21  Queen  
  42  3:25  Drone x2  
  42  3:27  Drone  
  47  3:36  Drone x2  
  47  3:39  Zergling x4  
  47  3:40  Overlord  
  51  3:44  Queen  
  51  3:46  Drone  
  54  3:50  Drone  
  54  3:52  Drone  
  54  3:53  Queen  
  58  3:58  Drone x4  
  61  4:04  Overlord  
  61  4:08  Drone x2  
  63  4:15  Zergling x4  
  65  4:22  Overlord  
  65  4:23  Drone x3  
  68  4:26  Drone x5  
  73  4:32  Hatchery  
  73  4:34  Lair  
  72  4:40  Drone  
  72  4:44  Drone x4, Baneling Nest  
  72  4:45  Extractor x2  
  74  4:48  Drone x3  
  74  4:51  Overlord  
  77  4:57  Spore Crawler  
  77  4:58  Spore Crawler  
  75  5:01  Zergling x10  
  75  5:04  Drone  
  81  5:10  Overlord  
  81  5:11  Drone x3  
  81  5:12  Extractor  
  81  5:14  Spore Crawler, Drone  
  83  5:15  Drone x4  
  87  5:23  Overlord  
  87  5:24  Drone  
  88  5:30  Drone  
  88  5:31  Evolution Chamber  
  88  5:32  Baneling x2, Evolution Chamber  
  88  5:35  Zergling x4  
  89  5:36  Overseer  
  89  5:38  Zergling x2  
  89  5:40  Baneling x6  
  89  5:42  Queen x2  
  86  5:51  Overlord  
  86  5:53  Drone x10  
  86  5:56  Drone  
  93  6:02  Overseer  
  93  6:04  Drone x2, Overlord  
  93  6:06  Centrifical Hooks  
  95  6:12  Drone x5, Evolution Chamber  
  95  6:15  Drone x2  
  95  6:17  Evolution Chamber  
  95  6:18  Overlord  
  100  6:20  Drone  
  100  6:22  Drone  
  102  6:27  Overlord  
  102  6:31  Zerg Melee Weapons Level 1, Zerg Ground Armor Level 1  
  103  6:34  Overlord  
  103  6:39  Zergling x8  
  107  6:42  Hatchery  
  107  6:46  Spore Crawler  
  105  6:48  Zergling x16  
  105  6:52  Baneling x4  
  113  6:56  Zergling x20  
  113  7:00  Overlord  
  123  7:07  Zergling x6  
  126  7:13  Baneling  
  126  7:14  Zergling x2, Baneling x8, Hatchery  
  126  7:24  Overlord  
  126  7:28  Zergling x24  
  138  7:30  Baneling x8  
  138  7:31  Baneling x6  
  138  7:41  Zergling x12  
  143  7:46  Zergling x2  
  143  7:47  Zergling x8  
  143  7:49  Zergling x6  
  139  7:54  Overlord  
  144  7:58  Drone x8  
  144  8:01  Extractor, Infestation Pit  
  142  8:13  Drone x4  
  142  8:16  Spore Crawler, Zergling x16  
  153  8:22  Zergling x10  
  152  8:32  Burrow, Pneumatized Carapace  
  152  8:33  Zergling x24  
  149  8:49  Zergling x2  
  149  8:50  Zergling x24  
  149  8:54  Zergling x2  
  146  8:56  Overlord, Hive  
  146  8:58  Zergling x2  
  146  8:59  Zergling x12  
  146  9:02  Zergling x8  
  144  9:06  Extractor  
  144  9:07  Extractor  
  144  9:09  Drone x6  
  148  9:14  Drone x6  
  148  9:16  Spore Crawler, Zerg Melee Weapons Level 2, Zerg Ground Armor Level 2  
  153  9:17  Overlord  
  153  9:18  Baneling x16  
  153  9:21  Zergling x10  
  158  9:24  Hatchery  
  158  9:25  Baneling x8  
  158  9:26  Zergling x10  
  158  9:28  Zergling x2  
  158  9:29  Zergling x12  
  169  9:39  Zergling x18  
  174  9:51  Overlord  
  174  9:54  Zergling x24  
  174  9:57  Baneling  
  174  9:58  Baneling x12  
  184  10:00  Zergling x2  
  184  10:01  Zergling x14  
  184  10:05  Spore Crawler  
  191  10:09  Zergling x20  
  191  10:14  Drone  
  184  10:15  Spore Crawler  
  184  10:17  Zergling x4  
  184  10:18  Zergling x10  
  182  10:23  Adrenal Glands  
  182  10:25  Overlord  
  182  10:27  Ultralisk Cavern  
  174  10:30  Zergling x22  
  183  10:48  Zergling x14  
  183  10:49  Zergling x14  
  191  10:55  Zergling x18  
  185  11:04  Zergling x24  
  183  11:19  Ultralisk  
  183  11:20  Ultralisk x2  
  183  11:24  Zergling x12  
  198  11:30  Baneling x21, Chitinous Plating  
  193  11:36  Overseer  
  193  11:38  Zergling x20  
  185  11:45  Zergling x2  
  185  11:46  Zergling x16  
  179  11:51  Extractor  
  179  11:53  Spire  
  169  12:01  Zergling x20  
  166  12:11  Ultralisk x2  
  166  12:14  Zergling x14  
  161  12:26  Zergling x26  
  156  12:32  Zergling x14  
  159  12:50  Overseer  
  159  12:51  Overseer, Hatchery  
  158  12:52  Overseer  
  151  13:02  Baneling  
  151  13:03  Baneling x10  
  149  13:10  Ultralisk x2  
  144  13:13  Corruptor x4  
  150  13:24  Overlord x2  
  150  13:25  Overlord x2  
  141  13:43  Zergling x18  
  141  13:44  Zergling x20  
  149  13:52  Zergling x8  
  144  14:03  Zergling x8  
  144  14:05  Corruptor x2  
  152  14:16  Lair  
  152  14:19  Corruptor x3  
  158  14:24  Hatchery  
  158  14:26  Corruptor  
  158  14:27  Corruptor  
  158  14:30  Baneling x6  
  158  14:46  Zergling x18  
  126  15:00  Zergling x16  
  132  15:11  Zergling x4  
  132  15:12  Zergling x4  
  121  15:15  Zergling x2  
  121  15:17  Overseer x2  
  121  15:19  Zergling x4  
  123  15:27  Zergling x4  
  125  15:34  Overseer  
  125  15:35  Hatchery  
  124  15:36  Zergling x8  
  122  15:48  Zergling x8  
  106  15:51  Zergling x4  
  102  16:03  Baneling  
  102  16:04  Baneling x9  

Tags
 
Add a new tag
Caveats
  • Supply blocks, unpowered buildings, or Contaminate may cause inaccurate times.
  • Supply counts are checked every 10 seconds.